 Dungeon Crawl Stone Soup version 0.22.1-2-g9c5b331 (webtiles) character file.

93 MalarOregon the Insei (level 4, -5/33 HPs)
             Began as a Merfolk Transmuter on Nov 25, 2018.
             Slain by a worker ant (6 damage)
             ... on level 3 of the Dungeon.
             The game lasted 00:05:41 (2271 turns).

MalarOregon the Insei (Merfolk Transmuter)          Turns: 2271, Time: 00:05:42

Health: -5/33      AC:  3    Str: 10    XL:     4   Next: 62%
Magic:  4/7        EV: 13    Int: 13    God:
Gold:   146        SH:  0    Dex: 14    Spells: 1/7 levels left

rFire    . . .     SeeInvis .     - Unarmed
rCold    . . .     Gourm    .   (no shield)
rNeg     . . .     Faith    .   d - +0 leather armour
rPois    .         Spirit   .   (no helmet)
rElec    .         Reflect  .   (no cloak)
rCorr    .         Harm     .   (no gloves)
MR       .....                  (no boots)
Stlth    +.........             (no amulet)
HPRegen  0.11/turn              (no ring)
MPRegen  0.10/turn              (no ring)

@: appendage
A: change form in water, swift swim, stealthy swim, horns 2
a: End Transformation


You were on level 3 of the Dungeon.
You were not hungry.
You had grown temporary horns.
You visited 1 branch of the dungeon, and saw 3 of its levels.

You collected 146 gold pieces.

Inventory:

Missiles
 a - 12 arrows
Armour
 b - a +0 robe
 d - a +0 leather armour (worn)
   (You found it on level 1 of the Dungeon)
Jewellery
 i - an uncursed ring of fire
   (You found it on level 1 of the Dungeon)
Scrolls
 f - a scroll of fear {unknown}
 g - 3 scrolls of remove curse {unknown}
 j - 3 scrolls of random uselessness {unknown}
 k - 3 scrolls of identify {unknown}
Potions
 h - 2 potions of curing {unknown}
 l - a potion of invisibility {unknown}
Comestibles
 c - 4 chunks of flesh
 e - 2 rations {!d}


   Skills:
 + Level 2.0 Fighting
 + Level 0.8 Armour
 + Level 3.4 Dodging
 + Level 3.8 Unarmed Combat
 + Level 2.4 Spellcasting
 + Level 3.5 Transmutations
 + Level 0.6 Poison Magic


You had one spell level left.
You knew the following spells:

 Your Spells              Type           Power        Failure   Level  Hunger
a - Beastly Appendage     Tmut           ##....       8%          1    #......
s - Sticks to Snakes      Tmut           ##......     12%         2    ###....
x - Spider Form           Tmut/Pois      #.........   38%         3    ###....

Your spell library contained the following spells:

 Spells                   Type           Power        Failure   Level  Hunger
 Ice Form                 Ice/Tmut       #.......     85%         4    #####..
 Blade Hands              Tmut           ##........   91%         5    ######.


Dungeon Overview and Level Annotations

Branches:
Dungeon (3/15)

Altars:


Innate Abilities, Weirdness & Mutations

You revert to your normal form in water.
You are very nimble and swift while swimming.
You are very stealthy in the water. (Stealth+)
You have a pair of horns on your head.


Message History

You start resting.
Your transformation is almost over.
You start resting.
A gnoll comes into view. It is wielding a club.
Your transformation has ended.
Your +0 leather armour unmelds from your body.
You hit the gnoll. The gnoll hits you with a club.
* * * LOW HITPOINT WARNING * * *
You turn into a venomous arachnid creature.
Your +0 leather armour melds into your body.
The gnoll barely misses you.
Unknown command.
You hit the gnoll.
The gnoll is poisoned.
The gnoll closely misses you.
You bite the gnoll!
You kill the gnoll!
Things that are here:
a club; a halberd There isn't anything to butcher here.
You start resting.
Your transformation is almost over.
You start resting.
A worker ant comes into view.
Things that are here:
a spear; a gnoll skeleton A worker ant is nearby!
Your transformation has ended.
Your +0 leather armour unmelds from your body.
You grow a pair of large bovine horns.
You closely miss the worker ant.
You headbutt the worker ant, but do no damage.
The worker ant bites you but does no damage.
You hit the worker ant but do no damage.
The worker ant barely misses you.
You hit the worker ant. The worker ant closely misses you.
You hit the worker ant. The worker ant misses you.
You barely miss the worker ant. The worker ant misses you.
You hit the worker ant but do no damage.
The worker ant bites you!
* * * LOW HITPOINT WARNING * * *
The worker ant barely misses you.
You hit the worker ant but do no damage.
The worker ant bites you.
* * * LOW HITPOINT WARNING * * *
You hit the worker ant. Your headbutt misses the worker ant.
The worker ant bites you.
* * * LOW HITPOINT WARNING * * *
You hit the worker ant but do no damage.
You headbutt the worker ant, but do no damage.
The worker ant bites you.
You die...

(......†# #.#
.#.###.###.#
..........#
....$.###.# #.##
#(# #. #.#
#.#.#######.#
...#.#....a@.).#
#.......#######
#.#.###.# #.#
#.# #.###.##
#.##...##
#.......##
##.......##
#.........##


You could see a worker ant.

Vanquished Creatures
  3 gnolls (D:3)
  An adder (D:2)
  An ooze (D:1)
  2 worms (D:2)
  3 dart slugs
  5 bats
  6 hobgoblins
  A quokka (D:2)
  A ball python (D:1)
  6 frilled lizards
  2 goblins
  6 kobolds
  10 rats
47 creatures vanquished.

Notes
Turn   | Place    | Note
-------+----------+-------------------------------------------
     0 | D:1      | MalarOregon the Merfolk Transmuter began the quest for the
                  | Orb.
     0 | D:1      | Reached XP level 1. HP: 15/15 MP: 3/3
   119 | D:1      | Reached XP level 2. HP: 19/21 MP: 3/5
   235 | D:1      | Learned a level 2 spell: Sticks to Snakes
   497 | D:1      | Reached XP level 3. HP: 16/26 MP: 6/6
   709 | D:1      | Learned a level 3 spell: Spider Form
  1811 | D:2      | Reached XP level 4. HP: 28/33 MP: 5/7
  2270 | D:3      | HP: 1/33 [worker ant (4)]
  2271 | D:3      | Slain by a worker ant

Skill      XL: |  1  2  3  4 |
---------------+-------------+-----
Transmutations | 3 |  3.5
Dodging        | 3 |  3.4
Fighting       | 2 |  2.0
Armour         | |  0.8
Unarmed Combat | |  3.8
Spellcasting   | |  2.4
Poison Magic   | |  0.6

Action                   |  1- 3 |  4- 6 || total
-------------------------+-------+-------++-------
Melee: Unarmed           |   126 |    30 ||   156
       Headbutt          |    12 |     5 ||    17
       Punch             |     3 |     1 ||     4
 Cast: Beastly Appendage |    20 |     4 ||    24
       Spider Form       |     1 |     3 ||     4
  Eat: Chunk             |     3 |     3 ||     6
Armor: Robe              |     3 |       ||     3
       Leather armour    |    21 |     2 ||    23
Dodge: Dodged            |    57 |    26 ||    83
